AoeStats
← Yo_N3m3sis

Arabia

508025385Analyzed
2v2 RM · 12d ago on Sep 20, 2026· 28m 50s· 4 players
Game mode
Random Map
Map size
Medium (4 player)
Population
200
Speed
Normal
Resources
Standard
Victory
Conquest
Starting age
Dark Age
Ending age
Imperial Age
RankedLock teamsTeams togetherTeam positionsShared explorationLock speedFull tech treeHidden civsTurbo modeCheats
Victory
Defeat
🇺🇸 Armenians · United States
1446
+12
🇨🇦 Burgundians · Canada
1399
+14
🇮🇳 Romans · India
1363
-13
🇮🇳 Britons · India
1348
-13
Alexander
6:37 Loom
8:54 Feudal Age
10:05 Double-Bit Axe
13:54 Fletching
19:29 Gold Mining
22:21 Wheelbarrow
22:37 Scale Mail Armor
23:06 Horse Collar
27:33 Castle Age
27:37 Crossbowman
28:12 Bodkin Arrow
Yo_N3m3sis
7:08 Loom
9:04 Feudal Age
9:58 Double-Bit Axe
9:54 Horse Collar
16:18 Wheelbarrow
18:54 Bloodlines
20:31 Scale Barding Armor
23:32 Castle Age
21:50 Gold Mining
22:44 Fletching
22:55 Padded Archer Armor
23:47 Padded Archer Armor
24:18 Scale Barding Armor
23:38 Light Cavalry
25:11 Forging
26:10 Husbandry
28:12 Chain Barding Armor
29:40 Iron Casting
Empire du Nord
3:23 Double-Bit Axe
6:40 Loom
9:37 Feudal Age
10:33 Bow Saw
10:05 Horse Collar
12:35 Bow Saw
12:43 Padded Archer Armor
15:08 Wheelbarrow
15:16 Heavy Plow
21:47 Castle Age
19:45 Fletching
20:46 Scale Barding Armor
21:34 Forging
21:48 Gold Mining
21:49 Cavalier
22:39 Husbandry
23:01 Chain Barding Armor
23:33 Iron Casting
24:16 Two-Man Saw
26:13 Town Watch
josh2bnow
6:42 Loom
9:07 Feudal Age
15:09 Double-Bit Axe
16:33 Fletching
22:43 Wheelbarrow
25:54 Castle Age
24:08 Padded Archer Armor
24:20 Town Watch
25:01 Gold Mining
25:07 Horse Collar
26:07 Crossbowman
26:43 Bodkin Arrow
27:17 Hand Cart
28:11 Leather Archer Armor
Connection lost

Rejoining the realm…

Still unreachable

The connection could not be restored.

Session expired

The server has moved on; the page needs a fresh start.